 Dungeon Sprint DCSS version 0.26-a0-649-gf8c6c3aab7 (webtiles) character file.

Game seed: 6397297968935491638

8535 sahdkjhfkaj the Brawler (level 11, -6/168 HPs)
             Began as a Palentonga Monk on Sept 26, 2020.
             Was the Champion of Jiyva.
             Mangled by an ice devil (12 damage)
             ... in the Dungeon (Sprint VII: "The Pits").
             The game lasted 00:10:03 (2569 turns).

sahdkjhfkaj the Brawler (Palentonga Monk)           Turns: 2569, Time: 00:10:05

Health: -6/168     AC: 25    Str: 21    XL:     11   Next: 11%
Magic:  11/11      EV:  1    Int:  9    God:    Jiyva [******]
Gold:   0          SH:  5    Dex: 14    Spells: 10/10 levels left

rFire    . . .     SeeInvis +     - Unarmed
rCold    . . .     Faith    .   (no shield)
rNeg     + + +     Spirit   .   (armour currently unavailable)
rPois    +         Reflect  +   (helmet currently unavailable)
rElec    .         Harm     .   (cloak currently unavailable)
rCorr    +         Rampage  .   (gloves currently unavailable)
MR       .....     NoTele   +   (no barding)
Stlth    ++........             a - amulet of reflection
HPRegen  0.38/turn              l - +3 ring of strength
MPRegen  0.12/turn              (no ring)

@: lethally poisoned (-6 -> -6), tree-form
A: large, rugged brown scales 3, see invisible, sense surroundings 1
a: Request Jelly, Slimify, Cure Bad Mutation, Renounce Religion


You were in the Dungeon.
You worshipped Jiyva.
Jiyva was exalted by your worship.
You were a tree.
You visited 1 branch

Inventory:

Armour
 d - a +1 cloak (melded)
 n - a +4 chain mail (melded)
Jewellery
 a - an amulet of reflection (around neck)
 l - a +3 ring of strength (left branch)
 p - the cursed ring of Vipuliem {rC+ rN+ Dex+2 Slay-4}
   (You found it in the Dungeon)

   [ring of slaying]

   It affects your dexterity (+2).
   It affects your accuracy and damage with ranged weapons and melee attacks
   (-4).
   It protects you from cold.
   It protects you from negative energy.
   It has a curse placed upon it.
Scrolls
 g - a scroll of blinking
 i - 4 scrolls of remove curse
 j - 5 scrolls of amnesia
 o - a scroll of identify
Potions
 b - 5 potions of curing
 e - 4 potions of magic
 f - 2 potions of berserk rage
 h - 2 potions of invisibility
 m - a potion of haste


   Skills:
 + Level 12.5 Fighting
 + Level 10.4 Armour
 + Level 10.7 Dodging
 - Level 1.2 Stealth
 * Level 16.6 Unarmed Combat


You had 10 spell levels left.
You didn't know any spells.
Your spell library was empty.

Dungeon Overview and Level Annotations

Branches:
Dungeon (1/1)

Altars:
Ashenzari
Cheibriados
Dithmenos
Elyvilon
Fedhas
Gozag
Hepliaklqana
Kikubaaqudgha
Makhleb
Nemelex Xobeh
Okawaru
Qazlal
Ru
Sif Muna
Trog
Uskayaw
Vehumet
Wu Jian
Xom
Yredelemnul
Zin
The Shining One
Beogh
Jiyva
Lugonu


Innate Abilities, Weirdness & Mutations

(You are completely covered in rugged brown scales. (AC +3, +7% HP))
You have supernaturally acute eyesight. (SInv)
((Armour fits poorly on your strangely shaped body.))
((You can roll at foes to attack.))
((You have a long armoured tail.))
((You have very sharp teeth.))
You passively map a small area around you.
((Your body has grown golden eyes which may confuse attackers. (Acc +3)))
((Your rubbery body absorbs attacks. (AC +1, EV +1)))
((Armour fits poorly on your massive pseudopods.))
((You have a small jelly attached to you that senses nearby items.))
((You have a small jelly attached to you that may absorb incoming projectiles.))


Message History

The vault guard hits you with a +0 great sword!
Unknown command.
You barely miss the ice devil.
The ice devil is lightly wounded.
The ice devil hits you but does no damage. x2
Unknown command.
Unknown command.
You smack the ice devil!
The ice devil is moderately wounded.
You feel sick.
The vault guard hits you with a +0 great sword!
* * * LOW HITPOINT WARNING * * *
The ice devil hits you.
* * * LOW HITPOINT WARNING * * *
The ice devil freezes you!!
* * * LOW HITPOINT WARNING * * *
The ice devil hits you!
* * * LOW HITPOINT WARNING * * *
The ice devil freezes you!
You die...

, * , + #..####### , , *, ∆*
#c.#∆∆+ , * * * * , ,*#.4#∆∆ ,,
###++##########* ∆∆ *#p.#
..........##..# #y.#,,
#..#......##..#* , , #..#,,
..........''..# * * #..#, ,
..........''..##########..# + *
#..#......##....♣pc.......#∆∆∆∆
.J........##....44........#∆∆∆∆ ,
###''###################### *
.##''##### ####################
.##......# * ........##.).J.'...
.##......# ......# #.)J..##.#
.###....## ####...###########...
.# ##''## ###..'...'..##..##J....
.###....###....##'##.....##J.....


You could see a vault guard (very poisoned), 2 ice devils and a centaur.

Vanquished Creatures
  A vampire knight (D)
  A two-headed ogre (D)
  2 sea snakes (D)
  A deep troll (D)
  A swamp dragon (D)
  A flayed ghost (D)
  A deep elf mage (D)
  A smoke demon (D)
  A hellwing (D)
  A troll (D)
  A jumping spider (D)
  2 bog bodies (D)
  3 hornets (D)
  A shadow (D)
  2 ynoxinuls (D)
  A spriggan (D)
  A large abomination (D)
  A small abomination (D)
  Edmund (D)
  A soldier ant (D)
  A swamp drake (D)
  2 necrophages (D)
  An ice beast (D)
  A phantom (D)
  4 wolves (D)
  2 bullfrogs (D)
  A gnoll sergeant (D)
  3 wights (D)
  2 hounds (D)
  2 orc priests (D)
  An orc wizard (D)
  A mummy (D)
  3 gnolls (D)
  A white imp (D)
  A worm (D)
  2 leopard geckos (D)
  5 orcs (D)
  A bat (D)
  2 giant cockroaches (D)
  2 goblins (D)
  A hobgoblin (D)
  A kobold (D)
  A quokka (D)
  A ball python (D)
  2 frilled lizards (D)
69 creatures vanquished.

Vanquished Creatures (collateral kills)
  A death knight (D)
  A shadow (D)
  A small abomination (D)
  A warg (D)
  An orc priest (D)
  An orc wizard (D)
  A gnoll (D)
7 creatures vanquished.

Vanquished Creatures (others)
  the Royal Jelly (D)
  2 ancient liches (D)
  2 greater mummies (D)
  An Ice Fiend (D)
  8 acid blobs (D)
  A deep elf master archer (D)
  7 azure jellies (D)
  A deep elf sorcerer (D)
  2 iron dragons (D)
  Louise (D)
  A balrug (D)
  A draconian stormcaller (D)
  A war gargoyle (D)
  An ophan (D)
  A green death (D)
  8 death oozes (D)
  An ice dragon (D)
  A centaur warrior (D)
  A death knight (D)
  2 dancing weapons (D)
  3 sun demons (D)
  An eye of devastation (D)
  6 slime creatures (D)
  A tarantella (shapeshifter) (D)
  A small abomination (D)
  An eye of draining (D)
  A floating eye (D)
  39 jellies (D)
  An orc (D)
  A leopard gecko skeleton (D)
99 creatures vanquished.

Grand Total: 175 creatures vanquished

Notes
Turn   | Place    | Note
-------+----------+-------------------------------------------
     0 | D        | sahdkjhfkaj the Palentonga Monk began the quest for the
                  | Orb.
     0 | D        | Reached XP level 1. HP: 20/20 MP: 1/1
    15 | D        | Found a bloodstained altar of Trog.
    15 | D        | Found a shimmering blue altar of Sif Muna.
    15 | D        | Found a viscous altar of Jiyva.
    15 | D        | Found a hazy altar of Hepliaklqana.
    15 | D        | Found an opulent altar of Gozag.
    16 | D        | Found a glowing golden altar of the Shining One.
    16 | D        | Found a glowing silver altar of Zin.
    16 | D        | Found a basalt altar of Yredelemnul.
    16 | D        | Found a shimmering altar of Xom.
    16 | D        | Found an ornate altar of the Wu Jian Council.
    16 | D        | Found a sacrificial altar of Ru.
    16 | D        | Found a stormy altar of Qazlal.
    16 | D        | Found an iron altar of Okawaru.
    16 | D        | Found a sparkling altar of Nemelex Xobeh.
    16 | D        | Found a burning altar of Makhleb.
    16 | D        | Found a blossoming altar of Fedhas.
    16 | D        | Found a white marble altar of Elyvilon.
    16 | D        | Found a shadowy altar of Dithmenos.
    16 | D        | Found a snail-covered altar of Cheibriados.
    17 | D        | Found a radiant altar of Vehumet.
    17 | D        | Found a corrupted altar of Lugonu.
    17 | D        | Found a roughly hewn altar of Beogh.
    18 | D        | Found a hide-covered altar of Uskayaw.
    18 | D        | Found an ancient bone altar of Kikubaaqudgha.
    18 | D        | Found a broken altar of Ashenzari.
    24 | D        | Became a worshipper of Jiyva Jotsuil the Shapeless
    24 | D        | Reached * piety under Jiyva
    24 | D        | Reached ** piety under Jiyva
    25 | D        | Killed a deep elf sorcerer
    26 | D        | Killed an Ice Fiend
    28 | D        | Reached *** piety under Jiyva
    30 | D        | Killed an ancient lich
    31 | D        | Killed an acid blob
    31 | D        | Killed a green death
    33 | D        | Killed an ancient lich
    33 | D        | Killed a yellow draconian stormcaller
    36 | D        | Killed an acid blob
    38 | D        | Killed a runed dire flail
    38 | D        | Killed a slime creature
    40 | D        | Killed a greater mummy
    40 | D        | Killed an acid blob
    41 | D        | Killed a slime creature
    41 | D        | Killed a slime creature
    41 | D        | Killed a death knight
    41 | D        | Killed a death ooze
    41 | D        | Killed an acid blob
    42 | D        | Killed an azure jelly
    42 | D        | Killed a slime creature
    42 | D        | Killed a slime creature
    43 | D        | Gained mutation: You expend magic power (3 MP) to
                  | strengthen your wands. [Jiyva's grace]
    43 | D        | Reached **** piety under Jiyva
    43 | D        | Killed a death ooze
    46 | D        | Lost mutation: You expend magic power (3 MP) to strengthen
                  | your wands. [Jiyva's grace]
    47 | D        | Killed an acid blob
    49 | D        | Killed a glowing flail
    50 | D        | Killed a balrug
    50 | D        | Killed a death ooze
    51 | D        | Killed a death ooze
    55 | D        | Reached ***** piety under Jiyva
    55 | D        | Gained mutation: Your natural rate of healing is unusually
                  | fast. [Jiyva's grace]
    56 | D        | Reached ****** piety under Jiyva
    56 | D        | Gained mutation: Your spells are a little harder to cast,
                  | but a little more powerful. [Jiyva's grace]
    58 | D        | Killed an ophan
    61 | D        | Gained mutation: You are covered in fur. (AC +1) [Jiyva's
                  | grace]
    63 | D        | Killed a death ooze
    63 | D        | Killed a death ooze
    67 | D        | Gained mutation: You passively map a small area around you.
                  | [Jiyva's grace]
    69 | D        | Killed an ice dragon
    71 | D        | Gained mutation: Your muscles are strong. (Str +2) [Jiyva's
                  | grace]
    71 | D        | Lost mutation: You are covered in fur. (AC +1) [Jiyva's
                  | grace]
    71 | D        | Gained mutation: You tend to lose your temper in combat.
                  | [Jiyva's grace]
    74 | D        | Killed a death ooze
    77 | D        | Lost mutation: You tend to lose your temper in combat.
                  | [Jiyva's power]
    77 | D        | Killed an acid blob
    80 | D        | Killed a war gargoyle
    82 | D        | Gained mutation: Your mind is acute. (Int +2) [Jiyva's
                  | grace]
    84 | D        | Gained mutation: Your body has grown golden eyes which may
                  | confuse attackers. (Acc +3) [Jiyva's grace]
    85 | D        | Reached skill level 1 in Armour
    87 | D        | Killed an iron dragon
    90 | D        | Gained mutation: Your magical capacity is low. (-10% MP)
                  | [Jiyva's grace]
    91 | D        | Killed an azure jelly
    92 | D        | Killed an azure jelly
    92 | D        | Killed an eye of draining
    92 | D        | Gained mutation: You have large cloven feet. [Jiyva's
                  | grace]
    95 | D        | Killed a sun demon
    96 | D        | Noticed a phantom
    96 | D        | Killed a sun demon
    98 | D        | Reached XP level 2. HP: 27/27 MP: 1/1
    98 | D        | Lost mutation: Your muscles are strong. (Str +2) [Jiyva's
                  | grace]
    99 | D        | Reached skill level 4 in Unarmed Combat
   109 | D        | Killed a phantom
   109 | D        | Reached skill level 6 in Unarmed Combat
   109 | D        | Reached XP level 3. HP: 18/37 MP: 2/2
   109 | D        | Reached XP level 4. HP: 21/43 MP: 3/3
   111 | D        | Killed an iron dragon
   111 | D        | Killed an azure jelly
   114 | D        | Killed the Royal Jelly
   115 | D        | Killed a greater mummy
   117 | D        | Killed an acid blob
   118 | D        | Gained mutation: You have a pair of small antennae on your
                  | head. [Jiyva's grace]
   122 | D        | Killed an azure jelly
   122 | D        | Killed Louise
   123 | D        | Killed a death ooze
   124 | D        | Lost mutation: Your body has grown golden eyes which may
                  | confuse attackers. (Acc +3) [Jiyva's grace]
   126 | D        | Gained mutation: You are somewhat resistant to further
                  | mutation. [Jiyva's grace]
   126 | D        | Gained mutation: You have hoof-like feet. [Jiyva's grace]
   127 | D        | Killed a deep elf master archer
   128 | D        | Killed an azure jelly
   128 | D        | Killed an acid blob
   129 | D        | Gained mutation: You are resistant to hostile enchantments.
                  | (MR+) [Jiyva's grace]
   130 | D        | Gained mutation: You are resistant to electric shocks.
                  | (rElec) [Jiyva's grace]
   135 | D        | Lost mutation: Your mind is acute. (Int +2) [Jiyva's grace]
   137 | D        | Gained mutation: Your body has grown golden eyes which may
                  | confuse attackers. (Acc +3) [Jiyva's grace]
   138 | D        | Lost mutation: Your magical capacity is low. (-10% MP)
                  | [Jiyva's power]
   138 | D        | Killed a sun demon
   140 | D        | Gained mutation: You possess an exceptional clarity of
                  | mind. [Jiyva's grace]
   155 | D        | Killed an azure jelly
   178 | D        | Noticed an ice beast
   179 | D        | Reached skill level 5 in Fighting
   187 | D        | Reached skill level 7 in Unarmed Combat
   187 | D        | Reached XP level 5. HP: 20/51 MP: 5/5
   206 | D        | Killed an ice beast
   206 | D        | Reached skill level 5 in Dodging
   206 | D        | Reached skill level 8 in Unarmed Combat
   206 | D        | Reached XP level 6. HP: 31/62 MP: 6/6
   318 | D        | Lost mutation: You are resistant to hostile enchantments.
                  | (MR+) [Jiyva's grace]
   327 | D        | Noticed a warg
   337 | D        | Killed a warg
   337 | D        | Reached skill level 5 in Armour
   337 | D        | Reached skill level 9 in Unarmed Combat
   343 | D        | Lost mutation: You have hoof-like feet. [Jiyva's grace]
   400 | D        | Killed an eye of devastation
   421 | D        | Killed a floating eye
   445 | D        | Noticed Edmund
   454 | D        | Killed Edmund
   454 | D        | Reached skill level 10 in Unarmed Combat
   454 | D        | Reached XP level 7. HP: 60/70 MP: 7/7
   469 | D        | Gained mutation: You have acidic saliva. [Jiyva's grace]
   472 | D        | Lost mutation: You passively map a small area around you.
                  | [Jiyva's grace]
   487 | D        | Noticed a spriggan rider
   487 | D        | Noticed a ynoxinul
   491 | D        | Killed a ynoxinul
   491 | D        | Reached skill level 11 in Unarmed Combat
   500 | D        | Killed a hornet
   500 | D        | Reached XP level 8. HP: 8/80 MP: 8/8
   502 | D        | Lost mutation: You have large cloven feet. [Jiyva's grace]
   520 | D        | Lost mutation: You possess an exceptional clarity of mind.
                  | [Jiyva's grace]
   522 | D        | Gained mutation: Your system is resistant to poisons.
                  | (rPois) [Jiyva's grace]
   522 | D        | Lost mutation: Your system is resistant to poisons. (rPois)
                  | [Jiyva's grace]
   522 | D        | Lost mutation: Your natural rate of healing is unusually
                  | fast. [Jiyva's grace]
   522 | D        | Gained mutation: Your flesh is cold resistant. (rC+)
                  | [Jiyva's grace]
   522 | D        | Gained mutation: You expend magic power (3 MP) to
                  | strengthen your wands. [Jiyva's grace]
   524 | D        | Gained mutation: You are agile. (Dex +2) [Jiyva's grace]
   525 | D        | Lost mutation: You are agile. (Dex +2) [Jiyva's grace]
   525 | D        | Lost mutation: Your spells are a little harder to cast, but
                  | a little more powerful. [Jiyva's grace]
   526 | D        | Gained mutation: You can translocate small distances at
                  | will. [Jiyva's grace]
   528 | D        | Lost mutation: You can translocate small distances at will.
                  | [Jiyva's grace]
   529 | D        | Gained mutation: You passively map a small area around you.
                  | [Jiyva's grace]
   531 | D        | Lost mutation: You expend magic power (3 MP) to strengthen
                  | your wands. [Jiyva's grace]
   534 | D        | Lost mutation: Your flesh is cold resistant. (rC+) [Jiyva's
                  | grace]
   535 | D        | Gained mutation: Your spells are a little harder to cast,
                  | but a little more powerful. [Jiyva's grace]
   535 | D        | Gained mutation: Your flesh is heat resistant. (rF+)
                  | [Jiyva's grace]
   536 | D        | Lost mutation: Your body has grown golden eyes which may
                  | confuse attackers. (Acc +3) [potion of mutation]
   536 | D        | Lost mutation: Your spells are a little harder to cast, but
                  | a little more powerful. [potion of mutation]
   536 | D        | Lost mutation: You have a pair of small antennae on your
                  | head. [potion of mutation]
   538 | D        | Gained mutation: Your flesh is cold resistant. (rC+)
                  | [Jiyva's grace]
   538 | D        | Lost mutation: You are somewhat resistant to further
                  | mutation. [Jiyva's grace]
   540 | D        | Gained mutation: Your flesh is very cold resistant. (rC++)
                  | [Jiyva's grace]
   541 | D        | Gained mutation: You expend magic power (3 MP) to
                  | strengthen your wands. [Jiyva's grace]
   541 | D        | Lost mutation: You expend magic power (3 MP) to strengthen
                  | your wands. [Jiyva's grace]
   568 | D        | Gained mutation: You are covered in slimy tendrils that may
                  | disarm your opponents. [Jiyva's grace]
   571 | D        | Gained mutation: You can translocate small distances at
                  | will. [Jiyva's grace]
   575 | D        | Lost mutation: You are resistant to electric shocks.
                  | (rElec) [Jiyva's grace]
   575 | D        | Lost mutation: You can translocate small distances at will.
                  | [Jiyva's grace]
   578 | D        | Gained mutation: You evolve. [Jiyva's grace]
   578 | D        | Gained mutation: You are agile. (Dex +2) [Jiyva's grace]
   580 | D        | Gained mutation: You have large cloven feet. [Jiyva's
                  | grace]
   580 | D        | Gained mutation: Your system is resistant to poisons.
                  | (rPois) [Jiyva's grace]
   581 | D        | Lost mutation: You have acidic saliva. [Jiyva's grace]
   582 | D        | Gained mutation: You have sharp fingernails. [Jiyva's
                  | grace]
   583 | D        | Gained mutation: You have a small jelly attached to you
                  | that senses nearby items. [Jiyva's grace]
   586 | D        | Gained mutation: You have acidic saliva. [Jiyva's grace]
   587 | D        | Gained mutation: You expend magic power (3 MP) to
                  | strengthen your wands. [Jiyva's grace]
   591 | D        | Lost mutation: Your system is resistant to poisons. (rPois)
                  | [Jiyva's grace]
   591 | D        | Gained mutation: Your rubbery body absorbs attacks. (AC +1,
                  | EV +1) [Jiyva's grace]
   599 | D        | Lost mutation: You evolve. [Jiyva's grace]
   599 | D        | Gained mutation: Your pliable body absorbs attacks. (AC +2,
                  | EV +2) [Jiyva's grace]
   604 | D        | Gained mutation: You have a small jelly attached to you
                  | that may absorb incoming projectiles. [Jiyva's grace]
   605 | D        | Gained mutation: Your flesh is very heat resistant. (rF++)
                  | [Jiyva's grace]
   605 | D        | Lost mutation: Your flesh is very cold resistant. (rC++)
                  | [Jiyva's grace]
   608 | D        | Lost mutation: You have a small jelly attached to you that
                  | may absorb incoming projectiles. [Jiyva's grace]
   710 | D        | Reached skill level 12 in Unarmed Combat
   712 | D        | Gained mutation: Your tail ends in a poisonous barb.
                  | [Jiyva's grace]
   715 | D        | Lost mutation: Your pliable body absorbs attacks. (AC +2,
                  | EV +2) [Jiyva's grace]
   717 | D        | Gained mutation: Your translucent skin slightly reduces
                  | your foes' accuracy. (Stealth) [Jiyva's grace]
   717 | D        | Gained mutation: Your mind is acute. (Int +2) [Jiyva's
                  | grace]
   720 | D        | Lost mutation: You expend magic power (3 MP) to strengthen
                  | your wands. [Jiyva's grace]
   723 | D        | Lost mutation: Your mind is acute. (Int +2) [Jiyva's grace]
   985 | D        | Gained mutation: You have an increased reservoir of magic.
                  | (+10% MP) [Jiyva's grace]
  1020 | D        | Noticed a manticore
  1028 | D        | Slimified a manticore
  1028 | D        | Noticed a slime creature
  1028 | D        | a manticore changed into a slime creature
  1078 | D        | Noticed a sea snake
  1084 | D        | Killed a slime creature
  1090 | D        | Killed a sea snake
  1094 | D        | Gained mutation: Armour fits poorly on your pseudopods.
                  | [Jiyva's grace]
  1095 | D        | Lost mutation: Your translucent skin slightly reduces your
                  | foes' accuracy. (Stealth) [Jiyva's grace]
  1096 | D        | Lost mutation: You have a small jelly attached to you that
                  | senses nearby items. [Jiyva's grace]
  1097 | D        | Lost mutation: Your tail ends in a poisonous barb. [Jiyva's
                  | grace]
  1097 | D        | Lost mutation: Your flesh is very heat resistant. (rF++)
                  | [Jiyva's grace]
  1099 | D        | Noticed a bog body
  1100 | D        | Lost mutation: Your flesh is heat resistant. (rF+) [Jiyva's
                  | grace]
  1100 | D        | Gained mutation: You have a considerably increased
                  | reservoir of magic. (+20% MP) [Jiyva's grace]
  1101 | D        | Lost mutation: You have a considerably increased reservoir
                  | of magic. (+20% MP) [Jiyva's grace]
  1104 | D        | Lost mutation: You have large cloven feet. [Jiyva's grace]
  1104 | D        | Lost mutation: You are covered in slimy tendrils that may
                  | disarm your opponents. [Jiyva's grace]
  1105 | D        | Killed a bog body
  1105 | D        | Gained mutation: Armour fits poorly on your large
                  | pseudopods. [Jiyva's grace]
  1106 | D        | Gained mutation: You can translocate small distances at
                  | will. [Jiyva's grace]
  1106 | D        | Lost mutation: You have acidic saliva. [Jiyva's grace]
  1109 | D        | Gained mutation: You have a small jelly attached to you
                  | that may absorb incoming projectiles. [Jiyva's grace]
  1111 | D        | Gained mutation: You are somewhat resistant to further
                  | mutation. [Jiyva's grace]
  1113 | D        | Lost mutation: You are somewhat resistant to further
                  | mutation. [Jiyva's grace]
  1113 | D        | Gained mutation: You evolve. [Jiyva's grace]
  1113 | D        | Lost mutation: You have an increased reservoir of magic.
                  | (+10% MP) [Jiyva's grace]
  1118 | D        | Lost mutation: You can translocate small distances at will.
                  | [Jiyva's grace]
  1118 | D        | Lost mutation: You have sharp fingernails. [Jiyva's grace]
  1120 | D        | Noticed a deep troll
  1120 | D        | Gained mutation: You have a small jelly attached to you
                  | that senses nearby items. [Jiyva's grace]
  1124 | D        | Gained mutation: You are covered in slimy tendrils that may
                  | disarm your opponents. [Jiyva's grace]
  1128 | D        | Lost mutation: You evolve. [Jiyva's grace]
  1184 | D        | Killed a deep troll
  1184 | D        | Reached skill level 13 in Unarmed Combat
  1184 | D        | Reached XP level 9. HP: 56/90 MP: 9/9
  1215 | D        | Gained mutation: You possess an exceptional clarity of
                  | mind. [Jiyva's grace]
  1215 | D        | Gained mutation: You have a pair of small horns on your
                  | head. [Jiyva's grace]
  1216 | D        | Killed a centaur warrior
  1417 | D        | Reached skill level 10 in Fighting
  1421 | D        | Noticed a sea snake
  1423 | D        | Noticed a death knight
  1432 | D        | Lost mutation: You possess an exceptional clarity of mind.
                  | [Jiyva's grace]
  1434 | D        | Gained mutation: Your muscles are strong. (Str +2) [Jiyva's
                  | grace]
  1434 | D        | Lost mutation: Your muscles are strong. (Str +2) [Jiyva's
                  | grace]
  1435 | D        | Killed a sea snake
  1437 | D        | Gained mutation: Your spells are a little easier to cast,
                  | but a little less powerful. [Jiyva's grace]
  1439 | D        | Killed a death knight
  1439 | D        | Reached skill level 14 in Unarmed Combat
  1440 | D        | Gained mutation: You have very sharp teeth. [Jiyva's grace]
  1440 | D        | Gained mutation: Armour fits poorly on your massive
                  | pseudopods. [Jiyva's grace]
  1442 | D        | Lost mutation: Your flesh is cold resistant. (rC+) [Jiyva's
                  | grace]
  1471 | D        | Noticed a flayed ghost
  1508 | D        | Killed a flayed ghost
  1508 | D        | Reached XP level 10. HP: 73/101 MP: 10/10
  1577 | D        | Noticed a deep elf mage
  1584 | D        | Reached skill level 15 in Unarmed Combat
  1585 | D        | Killed a deep elf mage
  1592 | D        | Noticed a two-headed ogre
  1596 | D        | Killed a two-headed ogre
  1596 | D        | Reached skill level 10 in Dodging
  1838 | D        | Noticed a smoke demon
  1889 | D        | Killed a smoke demon
  1892 | D        | Lost mutation: You are covered in slimy tendrils that may
                  | disarm your opponents. [Jiyva's grace]
  1894 | D        | Gained mutation: You are covered in slimy tendrils that may
                  | disarm your opponents. [Jiyva's grace]
  1896 | D        | Lost mutation: Armour fits poorly on your massive
                  | pseudopods. [Jiyva's grace]
  1960 | D        | Gained mutation: Your body has grown golden eyes which may
                  | confuse attackers. (Acc +3) [Jiyva's grace]
  1960 | D        | Gained mutation: Your pliable body absorbs attacks. (AC +2,
                  | EV +2) [Jiyva's grace]
  1960 | D        | Lost mutation: You have a pair of small horns on your head.
                  | [Jiyva's grace]
  1960 | D        | Lost mutation: Your pliable body absorbs attacks. (AC +2,
                  | EV +2) [Jiyva's grace]
  1962 | D        | Lost mutation: You have a small jelly attached to you that
                  | senses nearby items. [Jiyva's grace]
  2064 | D        | Gained mutation: You have a pair of small horns on your
                  | head. [Jiyva's grace]
  2064 | D        | Lost mutation: You are covered in slimy tendrils that may
                  | disarm your opponents. [Jiyva's grace]
  2067 | D        | Lost mutation: Your spells are a little easier to cast, but
                  | a little less powerful. [Jiyva's grace]
  2068 | D        | Gained mutation: Your body sometimes deteriorates upon
                  | taking damage. [Jiyva's grace]
  2069 | D        | Lost mutation: Your body sometimes deteriorates upon taking
                  | damage. [Jiyva's power]
  2107 | D        | Reached skill level 16 in Unarmed Combat
  2113 | D        | Reached skill level 10 in Armour
  2136 | D        | Noticed a vampire knight
  2143 | D        | Paralysed by a vampire knight for 3 turns
  2151 | D        | Killed a vampire knight
  2151 | D        | Reached XP level 11. HP: 34/112 MP: 11/11
  2179 | D        | Gained mutation: Armour fits poorly on your massive
                  | pseudopods. [Jiyva's grace]
  2181 | D        | Gained mutation: You are robust. (+10% HP) [Jiyva's grace]
  2183 | D        | Gained mutation: Your spells are a little harder to cast,
                  | but a little more powerful. [Jiyva's grace]
  2183 | D        | Gained mutation: Your tail ends in a poisonous barb.
                  | [Jiyva's grace]
  2185 | D        | Lost mutation: You are agile. (Dex +2) [Jiyva's grace]
  2188 | D        | Lost mutation: You have a pair of small horns on your head.
                  | [Jiyva's grace]
  2191 | D        | Gained mutation: You have a small jelly attached to you
                  | that senses nearby items. [Jiyva's grace]
  2211 | D        | Lost mutation: You are robust. (+10% HP) [Jiyva's grace]
  2211 | D        | Lost mutation: Your tail ends in a poisonous barb. [Jiyva's
                  | grace]
  2417 | D        | Got the cursed ring of Vipuliem {rC+ rN+ Dex+2 Slay-4}
  2425 | D        | Lost mutation: Your spells are a little harder to cast, but
                  | a little more powerful. [Jiyva's grace]
  2530 | D        | Noticed a swamp dragon
  2531 | D        | Noticed a vault guard
  2538 | D        | Killed a swamp dragon
  2559 | D        | Paralysed by a hornet for 3 turns
  2569 | D        | HP: 6/168 [ice devil (7)]
  2569 | D        | Mangled by an ice devil

Illustrated notes

Levels and vault maps discovered:
D:        pitsprint [storerooms_1, entrance_room_1, metal_vault_2, armoury_2,
          mini_pit_1, grid_room_1, main_hall_1, silver_pit, the_coven_3,
          the_vestibule_1, steel_vault_5, golden_pit, hallway_of_sentries,
          crystal_vault_1, iron_vault_4, final_vault]

Skill      XL: |  1  2  3  4  5  6  7  8  9 10 |
---------------+-------------------------------+-----
Armour         | 1 3 4 5 6 7 8 10 | 10.4
Unarmed Combat | 6 7 8 10 11 13 14 16 | 16.6
Fighting       | 4 5 6 7 8 9 11 12 | 12.5
Dodging        | 4 5 6 7 8 9 10 | 10.7
Stealth        | |  1.2

Action                   |  1- 3 |  4- 6 |  7- 9 | 10-12 || total
-------------------------+-------+-------+-------+-------++-------
Melee: Unarmed           |    32 |    53 |    70 |    86 ||   241
       Tailslap          |     4 |    13 |     6 |    14 ||    37
       Kick              |     4 |    15 |    11 |       ||    30
       Punch             |       |     1 |     4 |     7 ||    12
       Bite              |       |       |     6 |     9 ||    15
       Pseudopods        |       |       |     8 |    19 ||    27
       Headbutt          |       |       |     7 |    18 ||    25
Invok: Cure Bad Mutation |     5 |     1 |       |     1 ||     7
       Slimify           |       |       |     2 |       ||     2
 Abil: Rolling Charge    |     4 |     1 |     5 |    12 ||    22
  Use: Potion            |       |     2 |     4 |     5 ||    11
       Scroll            |       |       |     1 |       ||     1
 Stab: Confused          |       |       |       |     1 ||     1
Armor: Robe              |    14 |     7 |     4 |       ||    25
       Chain mail        |       |       |    16 |    41 ||    57
       Skin              |       |       |       |     4 ||     4
Dodge: Dodged            |    10 |    14 |    31 |    46 ||   101
Block: Other             |       |       |       |     3 ||     3

Table legend: (Time is in decaauts)
 A = Elapsed time spent in this place.
 B = Non-inter-level travel time spent in this place.
 C = Inter-level travel time spent in this place.
 D = Time resting spent in this place.
 E = Time spent auto-exploring this place.
 F = Levels seen in this place.
 G = Mean time per level.
                   A        B        C        D        E       F      G
               +--------+--------+--------+--------+--------+-----+--------+
         Total |   2526 |   2334 |    192 |   1481 |      0 |   1 | 2526.0 |
       Dungeon |   2526 |   2334 |    192 |   1481 |      0 |   1 | 2526.0 |
               +--------+--------+--------+--------+--------+-----+--------+

Top non-repeatable levels by time:
       D: 2526 daAuts
